 Dungeon Crawl Stone Soup version 0.25.0-10-g039870ee82 (webtiles) character file.

Game seed: 4321083888467697361

65 Acheron the Magician (level 4, 0/35 HPs)
             Began as a Hill Orc Wizard on June 23, 2020.
             Succumbed to an adder's poison
             ... on level 3 of the Dungeon.
             The game lasted 00:19:28 (3387 turns).

Acheron the Magician (Hill Orc Wizard)              Turns: 3387, Time: 00:19:29

Health: 0/35       AC:  3    Str:  9    XL:     4   Next: 14%
Magic:  8/8        EV:  9    Int: 18    God:
Gold:   64         SH:  3    Dex: 12    Spells: 3/8 levels left

rFire    + . .     SeeInvis .   m - +1 short sword
rCold    + . .     Gourm    .   f - +0 buckler (curse)
rNeg     . . .     Faith    .   n - -2 ring mail (curse)
rPois    +         Spirit   .   b - +0 hat
rElec    +         Reflect  .   (no cloak)
rCorr    +         Harm     .   (no gloves)
MR       .....     Clarity  +   (no boots)
Stlth    +.........             (no amulet)
HPRegen  0.11/turn              (no ring)
MPRegen  0.11/turn              (no ring)

@: lethally poisoned (0 -> -1), resistant
A: agile 1, clarity, MP-powered wands
a: no special abilities


You were on level 3 of the Dungeon.
You were not hungry.

You visited 1 branch of the dungeon, and saw 3 of its levels.

You collected 64 gold pieces.

Inventory:

Hand Weapons
 h - a +0 spear
 m - a +1 short sword (weapon)
Missiles
 e - 47 sling bullets
 g - 23 poisoned darts (quivered)
 j - 31 stones
Armour
 a - a +0 robe
 b - a +0 hat (worn)
 f - a cursed +0 buckler (worn)
 k - a +0 leather armour
 n - a cursed -2 ring mail (worn)
Scrolls
 p - a scroll of identify
Potions
 i - a potion of resistance
 o - 2 potions of brilliance
Comestibles
 d - 2 rations
 l - a chunk of flesh


   Skills:
 * Level 1.2 Fighting
 * Level 0.8 Short Blades
 * Level 1.1 Throwing
 * Level 2.0 Dodging
 * Level 1.7 Stealth
 * Level 2.7 Spellcasting
 * Level 1.4 Conjurations
 * Level 1.2 Summonings
 * Level 0.8 Translocations


You had 3 spell levels left.
You knew the following spells:

 Your Spells              Type           Power        Failure   Level  Hunger
a - Magic Dart            Conj           #...         41%         1    #......
b - Blink                 Tloc           N/A          65%         2    ##.....
c - Call Imp              Summ           #.......     58%         2    ##.....

Your spell library contained the following spells:

 Spells                   Type           Power        Failure   Level  Hunger
 Slow                     Hex            #.......     77%         2    ##.....
 Conjure Flame            Conj/Fire      #.......     88%         3    ###....
 Mephitic Cloud           Conj/Pois/Air  #.......     90%         3    ###....


Dungeon Overview and Level Annotations

Branches:
Dungeon (3/15)

Altars:

Annotations:
D:2 Jessica


Innate Abilities, Weirdness & Mutations

You are agile. (Dex +2)
You possess an exceptional clarity of mind.
You expend magic power (3 MP) to strengthen your wands.


Message History

You feel sick.
Sorry, you're not good enough to have a special ability.
Unknown command.
* * * LOW HITPOINT WARNING * * *
You feel sick.
* * * LOW HITPOINT WARNING * * *
You feel sick.
* * * LOW HITPOINT WARNING * * *
You feel sick.
There is a lethal amount of poison in your body!
There is a lethal amount of poison in your body!
* * * LOW HITPOINT WARNING * * *
You feel sick.
* * * LOW HITPOINT WARNING * * *
You feel sick.
* * * LOW HITPOINT WARNING * * *
You feel sick.
* * * LOW HITPOINT WARNING * * *
You feel sick.
You die...

#......(.......
#..#.###..#.###
#..#.# #.#
#..#.# .#
#..#.# #
#..#......#
#..########.#
#..# #.....#
#..# #@# #..#
#.# #<.# #.#
##.# #.#
#.####.#
#......#
########


There were no monsters in sight!

Vanquished Creatures
  An adder (D:3)
  An ooze (D:2)
  A dart slug (D:1)
  4 leopard geckos
  An orc (D:2)
  A ball python (D:1)
  A bat (D:1)
  2 giant cockroaches
  6 hobgoblins
  3 jackals
  9 kobolds
  A quokka (D:2)
  3 frilled lizards (D:1)
  3 goblins
  5 rats
42 creatures vanquished.

Vanquished Creatures (collateral kills)
  A bat (D:2)
  A goblin (D:1)
  A quokka (D:2)
3 creatures vanquished.

Grand Total: 45 creatures vanquished

Notes
Turn   | Place    | Note
-------+----------+-------------------------------------------
     0 | D:1      | Acheron the Hill Orc Wizard began the quest for the Orb.
     0 | D:1      | Reached XP level 1. HP: 14/14 MP: 3/3
   556 | D:1      | Reached XP level 2. HP: 20/20 MP: 3/5
   805 | D:1      | Learned a level 2 spell: Blink
   808 | D:1      | Learned a level 2 spell: Call Imp
  1364 | D:1      | Reached XP level 3. HP: 19/27 MP: 4/7
  1685 | D:2      | Noticed Jessica
  2089 | D:1      | Reached skill level 1 in Fighting
  2777 | D:2      | Reached skill level 1 in Throwing
  3359 | D:3      | Reached XP level 4. HP: 12/35 MP: 8/8
  3363 | D:3      | Gained mutation: You expend magic power (3 MP) to
                  | strengthen your wands. [potion of mutation]
  3363 | D:3      | Gained mutation: You possess an exceptional clarity of
                  | mind. [potion of mutation]
  3363 | D:3      | Gained mutation: You are agile. (Dex +2) [potion of
                  | mutation]
  3383 | D:3      | HP: 1/35 [poisoned by an adder]
  3387 | D:3      | Succumbed to an adder's poison

Illustrated notes

Levels and vault maps discovered:
D:1:      dpeg_arrival_orchard, layout_basic
D:2:      layout_rooms, uniq_jessica
D:3:      layout_basic, trog_three_pillars_becter

Skill      XL: |  1  2  3 |
---------------+----------+-----
Dodging        | 2 |  2.0
Fighting       | 1 |  1.2
Throwing       | 1 |  1.1
Short Blades   | |  0.8
Stealth        | |  1.7
Spellcasting   | |  2.7
Conjurations   | |  1.4
Summonings     | |  1.2
Translocations | |  0.8

Action                   |  1- 3 |  4- 6 || total
-------------------------+-------+-------++-------
Melee: Spear             |    19 |       ||    19
       Short sword       |    99 |       ||    99
Throw: Stone             |     1 |       ||     1
       Dart              |     3 |       ||     3
 Cast: Magic Dart        |    42 |       ||    42
       Call Imp          |     8 |       ||     8
  Use: Scroll            |     8 |       ||     8
       Potion            |       |     2 ||     2
 Stab: Sleeping          |     3 |       ||     3
  Eat: Chunk             |     8 |       ||     8
Armor: Robe              |    14 |       ||    14
       Ring mail         |     7 |       ||     7
Dodge: Dodged            |    74 |       ||    74
Block: Buckler           |     1 |       ||     1
